 Dungeon Crawl Stone Soup version 0.13-a0-2417-g818e1a6 (webtiles) character file.

192 Rycklaryybbe the Insei (level 4, 0/40 HPs)
             Began as a Naga Monk on July 17, 2013.
             Slain by an orc wizard
             ... wielding a -1,+0 orcish dagger
              (4 damage)
             ... on Level 3 of the Dungeon.
             The game lasted 00:08:16 (2000 turns).

Rycklaryybbe the Insei (Naga Monk)                  Turns: 2000, Time: 00:08:16

HP   0/40        AC  7     Str 13      XL: 4   Next: 36%
MP   3/3         EV 13     Int 11      God:
Gold 114         SH 18     Dex 19      Spells:  0 memorised,  3 levels left

Res.Fire  : + . .   See Invis. : +   d - +1,+2 mace (protect)
Res.Cold  : + . .   Warding    : .   y - +0 elf robe
Life Prot.: . . .   Conserve   : .   h - +2 shield
Res.Poison: +       Res.Corr.  : .   (no helmet)
Res.Elec. : +       Clarity    : .   (no cloak)
Sust.Abil.: . .     Spirit.Shd : .   (no gloves)
Res.Mut.  : .       Stasis     : .   (no barding)
Res.Rott. : .       Flight     : .   (no amulet)
Saprovore : . . .                    (no ring)
                                     c - ring of sustenance {unknown}

@: agile, very slightly contaminated, hasted and slowed, very slow, slightly
resistant to hostile enchantments, very stealthy
A: spit poison, see invisible, deformed body, poison resistance, slowness 2, AC
+1
a: Spit Poison


You were on level 3 of the Dungeon.
You were not hungry.

You visited 1 branch of the dungeon, and saw 3 of its levels.

You collected 114 gold pieces.

Inventory:

Hand weapons
 d - a +1,+2 mace of protection (weapon)
Missiles
 x - a throwing net (quivered)
 z - a throwing net [torn]
Armour
 a - a +0 robe
 h - a +2 shield (worn)
 y - a +0 elven robe (worn)
Magical devices
 t - a wand of slowing (13) {unknown}
Comestibles
 b - a bread ration
 g - an apple
 l - a lychee
 o - a pear
 s - a beef jerky
 v - a choko
 A - 4 chunks of orc flesh
Scrolls
 e - a scroll of identify {unknown}
 f - a scroll of remove curse {unknown}
 k - a scroll of recharging {unknown}
 n - a scroll of teleportation {unknown}
 p - a scroll of random uselessness {unknown}
 B - a scroll of enchant armour {unknown}
Jewellery
 c - a ring of sustenance (left hand) {unknown}
 w - an uncursed ring of protection from magic {unknown}
Potions
 i - a potion of resistance
 m - a potion of speed


   Skills:
 - Level 3.0 Fighting
 - Level 2.4 Dodging
 - Level 3.0 Stealth
 + Level 1.0 Shields
 - Level 5.5 Unarmed Combat


You had 3 spell levels left.
You didn't know any spells.

Dungeon Overview and Level Annotations

Branches:
Dungeon (3/27)

Altars:


Innate Abilities, Weirdness & Mutations

You cannot wear boots.
You can spit poison.
Your serpentine skin is tough (AC +1).
You have supernaturally acute eyesight.
Armour fits poorly on your strangely shaped body.
Your system is resistant to poisons.
You cover ground very slowly.


Message History

The orc wizard is no longer moving quickly.
You block the orc wizard's attack.
The orc wizard mumbles some strange words.
The orc wizard blinks!
The orc wizard casts a spell at you.
You feel as though you will be slow longer.
The orc hits you but does no damage.
The orc wizard hits you but does no damage.
Drink which item? (? for menu, Esc to quit)
You feel refreshed.
It was a potion of restore abilities.
The orc hits you but does no damage. The orc wizard barely misses you.
You hit the orc wizard.
The orc wizard is almost dead.
You block the orc wizard's attack. The orc hits you with an orcish club.
* * * LOW HITPOINT WARNING * * *
Drink which item? (? for menu, Esc to quit)
You feel more agile all of a sudden.
It was a potion of agility.
The orc wizard hits you with an orcish dagger.
You die...

#############
##
#.^.........#
#.
#o#########.#
#. #@# #.# #.
#o# #.# #.
#K# #.# #.
#g# #.# #.
#o# #.#####.
#o# #.......
#.# ########
#.# # #.# #


You could see an orc priest, 2 orc wizards, an orc, a hobgoblin and a kobold.

Vanquished Creatures
  2 adders (D:2)
  A giant gecko (D:1)
  2 oozes (D:1)
  3 orcs (D:3)
  A ball python (D:1)
  5 bats
  7 goblins
  6 hobgoblins
  3 jackals (D:2)
  2 giant cockroaches
  4 giant newts
  9 kobolds
  8 rats
53 creatures vanquished.

Vanquished Creatures (others)
  A goblin (D:2)
  A kobold (D:1)
2 creatures vanquished.

Grand Total: 55 creatures vanquished

Notes
Turn   | Place    | Note
--------------------------------------------------------------
     0 | D:1      | Rycklaryybbe, the Naga Monk, began the quest for the Orb.
     0 | D:1      | Reached XP level 1. HP: 19/19 MP: 0/0
   102 | D:1      | Reached XP level 2. HP: 20/26 MP: 1/1
   807 | D:2      | Reached XP level 3. HP: 33/33 MP: 2/2
   925 | D:2      | Reached skill level 5 in Unarmed Combat
  1323 | D:2      | Reached XP level 4. HP: 33/40 MP: 3/3
  1880 | D:3      | Reached skill level 1 in Shields
  1991 | D:3      | HP: 2/40 [orc priest/divine providence (17)]
  2000 | D:3      | Slain by an orc wizard

Action                   |  1- 3 |  4- 6 || total
-------------------------+-------+-------++-------
Melee: Mace              |   101 |    68 ||   169
 Abil: Spit Poison       |     2 |     3 ||     5
  Use: Potion            |       |     7 ||     7
       Scroll            |       |     2 ||     2
 Stab: Sleeping          |     4 |     1 ||     5
       Distracted        |       |     1 ||     1
